 Dungeon Crawl Stone Soup version 0.25-a0-713-g4845790874 (webtiles) character file.

Game seed: 13025548336653651670, levelgen mode: deterministic

3754 Hastur the Fighter (level 10, 0/115 HPs)
             Began as an Ogre Arcane Marksman on Apr 5, 2020.
             Was a Priest of Okawaru.
             Slain by a basilisk (4 damage)
             ... while petrified by a basilisk
             ... on level 9 of the Dungeon.
             The game lasted 00:35:22 (12463 turns).

Hastur the Fighter (Ogre Arcane Marksman)          Turns: 12463, Time: 00:35:23

Health: 0/115      AC: -13   Str: 17    XL:     10   Next: 15%
Magic:  13/13      EV:  1    Int: 16    God:    Okawaru [***...]
Gold:   584        SH:  0    Dex:  9    Spells: 7/11 levels left

rFire    . . .     SeeInvis .   a - +2 trident (venom)
rCold    + . .     Gourm    .   (no shield)
rNeg     + + +     Faith    .   r - +0 robe
rPois    ∞         Spirit   .   (helmet restricted)
rElec    .         Reflect  .   (no cloak)
rCorr    .         Harm     .   (gloves unavailable)
MR       +....                  (boots unavailable)
Stlth    +.........             e - amulet of the acrobat
HPRegen  0.29/turn              h - ring of protection from cold
MPRegen  0.13/turn              (no ring)

@: petrified, corroded
A: large, unfitting armour, tough skin 1
a: Heroism, Renounce Religion


You were on level 9 of the Dungeon.
You worshipped Okawaru.
Okawaru was most pleased with you.
You were hungry.

You visited 2 branches of the dungeon, and saw 10 of its levels.
You also visited: Ossuary.

You collected 584 gold pieces.

Inventory:

Hand Weapons
 a - a +2 trident of venom (weapon)
 b - a +0 hunting sling
 g - a +0 club
 l - a +0 short sword
 y - a +0 morningstar
 E - a +0 giant club
Missiles
 c - 4 large rocks
 d - 2 throwing nets
 i - 6 datura-tipped darts
 k - 219 stones
 n - 27 poisoned darts
 p - 5 boomerangs (quivered)
 s - 11 javelins
Armour
 r - a +0 robe (worn)
Jewellery
 e - an amulet of the acrobat (around neck)
 h - a ring of protection from cold (left hand)
 o - an uncursed amulet of magic regeneration
 J - a cursed -3 ring of strength {unknown}
Wands
 z - a wand of polymorph (7)
 C - a wand of iceblast (7)
Scrolls
 j - a scroll of magic mapping
 m - a scroll of fear
 q - a scroll of enchant weapon
 t - 2 scrolls of teleportation
 x - 3 scrolls of amnesia
 A - a scroll of remove curse
 D - 3 scrolls of enchant armour {unknown}
 G - a scroll of blinking
 I - a scroll of immolation {unknown}
Potions
 v - 2 potions of brilliance
 w - 2 potions of curing
 B - a potion of ambrosia
 F - a potion of flight
 H - 2 potions of resistance
Comestibles
 f - 12 rations


   Skills:
 + Level 12.0 Fighting
 + Level 4.8 Maces & Flails
 - Level 6.3 Throwing
 - Level 1.7 Dodging
 - Level 1.2 Spellcasting
 - Level 4.0 Hexes
 - Level 4.0 Translocations
 - Level 4.2 Invocations


You had 7 spell levels left.
You knew the following spells:

 Your Spells              Type           Power        Failure   Level  Hunger
a - Corona                Hex            ##.....      4%          1    ##.....
b - Portal Projectile     Hex/Tloc       ##....       13%         3    ####...

Your spell library contained the following spells:

 Spells                   Type           Power        Failure   Level  Hunger
 Slow                     Hex            ##......     7%          2    ###....
 Shroud of Golubria       Chrm/Tloc      #.....       16%         2    ###....
 Infusion                 Chrm           #...         22%         1    ##.....
 Inner Flame              Hex/Fire       #.......     30%         3    ####...
 Spectral Weapon          Hex/Chrm       #.......     30%         3    ####...
 Song of Slaying          Chrm           #.......     34%         2    ###....
 Cause Fear               Hex            ##........   41%         4    #####..
 Ozocubu's Armour         Chrm/Ice       #.......     56%         3    ####...
 Leda's Liquefaction      Hex/Erth       #.........   69%         4    #####..


Dungeon Overview and Level Annotations

Branches:
Dungeon (9/15)             Temple (1/1) D:4         Ossuary (visited)
   Lair: D:8-11         Orc: D:9-12

Altars:
Cheibriados
Dithmenos
Fedhas
Hepliaklqana
Kikubaaqudgha
Makhleb
Nemelex Xobeh
Okawaru
Sif Muna
Trog
Uskayaw
Vehumet
Wu Jian
Xom
Yredelemnul
Zin

Shops:
D:4 *


Innate Abilities, Weirdness & Mutations

You are too large for most types of armour.
You have tough skin. (AC +1)


Message History

The jelly hits you.
* * * LOW HITPOINT WARNING * * *
The acid corrodes you!
You are splashed with acid!
* * * LOW HITPOINT WARNING * * *
The basilisk bites you!
* * * LOW HITPOINT WARNING * * *
The jelly hits you.
* * * LOW HITPOINT WARNING * * *
The acid corrodes you!
You are splashed with acid!
* * * LOW HITPOINT WARNING * * *
The basilisk bites you!
* * * LOW HITPOINT WARNING * * *
You kill the jelly!
Okawaru accepts your kill. The basilisk bites you.
* * * LOW HITPOINT WARNING * * *
The basilisk bites you!
* * * LOW HITPOINT WARNING * * *
The basilisk bites you!
You die...

##### ##...# ###
.....#######.# ###
.)##...##..#.###.##
[..##..##.....#...#
#..#..............#
##..............@l#
##....................#
.###.....................
..##.....................
.....>.....##......#.....
..##.......##......##....
#..#.....####......# .#..
#.##....... #......# ...
......#.....


You could see a basilisk.

Vanquished Creatures
  A hippogriff (D:7)
  2 yaks (D:8)
  A hungry ghost (D:8)
  A basilisk (D:9)
  A steam dragon (D:8)
  Menkaure (D:7)
  An ice beast (D:9)
  3 phantoms
  An ogre (D:4)
  2 centaurs (D:8)
  A crocodile (D:8)
  An elf zombie (D:8)
  A big kobold (D:7)
  2 bullfrogs
  A gnoll sergeant (D:7)
  An elf skeleton (D:8)
  A wyvern skeleton (D:8)
  A scorpion (D:4)
  A howler monkey (D:6)
  4 crimson imps
  5 human zombies
  3 hounds
  4 centaur zombies
  3 orc priests
  2 human skeletons (D:8)
  4 jellies
  4 orc wizards
  A centaur skeleton (D:5)
  Terence (D:3)
  2 iguanas
  6 worker ants
  4 big kobold zombies (Ossuary)
  A hound zombie (Ossuary)
  3 mummies (Ossuary)
  A howler monkey skeleton (D:8)
  12 gnolls
  8 adders
  An ooze (D:2)
  An adder skeleton (D:4)
  2 adder zombies
  4 worms
  A dart slug (D:2)
  2 leopard geckos
  19 orcs
  6 bats
  4 giant cockroaches
  10 goblins
  4 hobgoblins
  7 jackals
  2 quokkas
  9 frilled lizards
  A gnoll zombie (Ossuary)
  3 goblin zombies (Ossuary)
  6 hobgoblin zombies (Ossuary)
  5 jackal zombies (Ossuary)
  10 kobolds
  2 kobold zombies (Ossuary)
  A leopard gecko zombie (D:9)
  3 orc skeletons (D:8)
  2 orc zombies
  A quokka skeleton (D:8)
  7 quokka zombies (Ossuary)
  6 rats
  A rat zombie (Ossuary)
  3 toadstools (D:1)
215 creatures vanquished.

Vanquished Creatures (others)
  3 orcs (D:8)
  A bush (D:9)
  A fungus (D:9)
  5 plants (D:9)
  A toadstool (D:1)
11 creatures vanquished.

Grand Total: 226 creatures vanquished

Notes
Turn   | Place    | Note
-------+----------+-------------------------------------------
     0 | D:1      | Hastur the Ogre Arcane Marksman began the quest for the
                  | Orb.
     0 | D:1      | Reached XP level 1. HP: 19/19 MP: 2/2
   249 | D:1      | Reached skill level 2 in Fighting
   340 | D:1      | Reached XP level 2. HP: 21/28 MP: 1/3
  1521 | D:2      | Reached skill level 3 in Fighting
  1521 | D:2      | Reached XP level 3. HP: 34/37 MP: 1/4
  1543 | D:2      | Found a shimmering blue altar of Sif Muna.
  2086 | D:3      | Reached XP level 4. HP: 29/46 MP: 5/5
  2103 | D:2      | Reached skill level 4 in Fighting
  2725 | D:3      | Reached XP level 5. HP: 45/55 MP: 6/6
  3215 | D:3      | Reached skill level 5 in Fighting
  3384 | D:3      | Noticed Terence
  3401 | D:3      | Killed Terence
  3741 | D:4      | Reached XP level 6. HP: 66/66 MP: 7/7
  3758 | D:4      | Learned a level 3 spell: Portal Projectile
  3765 | D:4      | Noticed a phantom
  3791 | D:4      | Killed a phantom
  3791 | D:4      | Reached skill level 5 in Throwing
  3847 | D:4      | Found Sonieliagh's Assorted Antiques.
  3938 | D:4      | Found a staircase to the Ecumenical Temple.
  3949 | Temple   | Entered the Ecumenical Temple
  4156 | Temple   | Became a worshipper of Warmaster Okawaru
  4430 | D:4      | Reached XP level 7. HP: 72/72 MP: 8/8
  4945 | D:5      | Entered Level 5 of the Dungeon
  5116 | D:4      | Reached skill level 1 in Translocations
  6114 | D:6      | Reached XP level 8. HP: 58/80 MP: 9/9
  6272 | D:6      | Reached * piety under Okawaru
  7288 | D:7      | Reached skill level 6 in Fighting
  7415 | D:7      | Reached skill level 7 in Fighting
  7453 | D:7      | Noticed Menkaure
  7484 | D:7      | Killed Menkaure
  7484 | D:7      | Reached ** piety under Okawaru
  7484 | D:7      | Reached skill level 1 in Invocations
  7833 | D:7      | Reached skill level 8 in Fighting
  7939 | D:6      | Reached XP level 9. HP: 32/97 MP: 11/11
  8642 | D:7      | Reached skill level 9 in Fighting
  9378 | D:8      | Reached skill level 10 in Fighting
  9435 | D:8      | Found a sand-covered staircase.
  9444 | Ossuary  | Entered an ossuary
  9915 | Ossuary  | Reached skill level 1 in Maces & Flails
 10732 | D:8      | Reached *** piety under Okawaru
 11221 | D:8      | Reached skill level 11 in Fighting
 11905 | D:8      | Found a shimmering altar of Xom.
 11926 | D:8      | Received a gift from Okawaru
 12126 | D:8      | Reached XP level 10. HP: 100/115 MP: 13/13
 12433 | D:9      | Reached skill level 12 in Fighting
 12462 | D:9      | HP: 3/115 [basilisk (7)]
 12463 | D:9      | Slain by a basilisk

Levels and vault maps discovered:
D:1:      ldierk_water_garden, layout_basic, serial_forest,
          infiniplex_forest_clump_long, infiniplex_forest_clump_C,
          infiniplex_forest_clump_large, infiniplex_forest_straight_2,
          infiniplex_forest_straight_3, infiniplex_forest_straight_4,
          infiniplex_forest_clump_small
D:2:      layout_rooms, overflow_temple_1_default, minmay_tetromino_t4
D:3:      layout_basic, hangedman_decor_growths, st_stairs_12, uniq_jessica,
          uniq_terence
D:4:      layout_basic, minmay_temple_entry_statues_fountains, serial_shops,
          nicolae_shop_waterfront
D:5:      layout_rooms, first_ration, minmay_misc_feat_more_columns
D:6:      layout_basic, minmay_misc_feat_secret_circle
D:7:      layout_rooms, uniq_menkaure
D:8:      layout_loops_cross, kennysheep_mini_moat,
          nicolae_ossuary_entry_catacombs
D:9:      layout_cave_pools, kennysheep_mini, minitemple,
          minmay_lair_entry_grove
Temple:   dpeg_chambers_temple

Skill      XL: |  1  2  3  4  5  6  7  8  9 10 |
---------------+-------------------------------+-----
Fighting       | 2 3 4 5 8 11 12 | 12.0
Throwing       | 3 4 6 |  6.3
Hexes          | 4 |  4.0
Translocations | 3 4 |  4.0
Invocations    | 3 4 |  4.2
Maces & Flails | 4 |  4.8
Dodging        | |  1.7
Spellcasting   | |  1.2

Action                   |  1- 3 |  4- 6 |  7- 9 | 10-12 || total
-------------------------+-------+-------+-------+-------++-------
Melee: Unarmed           |    74 |       |       |       ||    74
       Club              |    40 |       |       |       ||    40
       Trident           |       |    41 |   250 |     8 ||   299
       Giant club        |       |       |   178 |       ||   178
 Fire: Hunting sling     |    69 |   161 |   120 |       ||   350
Throw: Large rock        |     4 |     1 |     7 |       ||    12
       Javelin           |       |     7 |    23 |       ||    30
       Stone             |       |       |     9 |       ||     9
       Throwing net      |       |       |     2 |       ||     2
       Boomerang         |       |       |    27 |    17 ||    44
       Dart              |       |       |     5 |       ||     5
 Cast: Corona            |    34 |    23 |    20 |       ||    77
       Portal Projectile |       |       |     5 |       ||     5
  Use: Scroll            |       |     2 |    16 |       ||    18
       Potion            |       |       |     5 |       ||     5
  Eat: Chunk             |     4 |     8 |    12 |     1 ||    25
       Ration            |       |       |     6 |       ||     6
Armor: Robe              |    41 |    26 |   101 |     4 ||   172
Dodge: Dodged            |    90 |    63 |   274 |     4 ||   431

Table legend:
 A = Non-vault XP
 B = Vault XP
 C = Vault XP percentage of total XP
 D = Non-vault monster count
 E = Vault monster count
 F = Vault count percentage of total count
                 A         B        C        D         E       F
            +---------+---------+-------+---------+---------+-------
      Total |    4122 |    1241 |  23.1 |     155 |      58 |  27.2
            +---------+---------+-------+---------+---------+-------
        D:1 |      26 |       0 |   0.0 |      17 |       0 |   0.0
        D:2 |      83 |      10 |  10.8 |      17 |       3 |  15.0
        D:3 |     158 |      40 |  20.2 |      35 |       2 |   5.4
        D:4 |     421 |       0 |   0.0 |      13 |       0 |   0.0
        D:5 |     452 |       0 |   0.0 |      14 |       0 |   0.0
        D:6 |     382 |       0 |   0.0 |      15 |       0 |   0.0
        D:7 |     928 |     172 |  15.6 |      16 |       1 |   5.9
        D:8 |    1502 |     387 |  20.5 |      25 |      11 |  30.6
        D:9 |     170 |     193 |  53.2 |       3 |       1 |  25.0
    Ossuary |       0 |     439 | 100.0 |       0 |      40 | 100.0
            +---------+---------+-------+---------+---------+-------
